Map: Orbital Shipyard

Players

Typhux

  • Race: Terran Terran
  • League: Platinum

Passer - Winner!

  • Race: Terran Terran
  • League: Silver

VOD

Have the link to the VOD?

Description

TVT

Time

  • Played on: Sept. 24, 2015, 4:45 p.m.
  • Length: 13:31
Show
View Real Time Build Order
Export as new Build Order

Typhux Terran 

Build Orders:  

Get SALT Encoding   

  12  0:01  SCV  
  13  0:14  SCV  
  14  0:19  Supply Depot  
  14  0:29  SCV  
  15  0:41  SCV  
  15  0:42  Barracks  
  16  0:53  SCV  
  16  0:55  Refinery  
  17  1:05  SCV  
  18  1:18  SCV  
  19  1:30  Command Center, SCV  
  20  1:35  Marine  
  21  1:42  Orbital Command  
  21  1:51  Supply Depot  
  21  1:54  Marine  
  22  2:12  Marine  
  24  2:15  SCV  
  24  2:21  Factory  
  24  2:27  SCV  
  25  2:31  Marine  
  26  2:39  Refinery  
  26  2:40  SCV  
  26  2:43  Supply Depot  
  27  2:45  Orbital Command  
  27  2:51  Marine  
  27  2:52  SCV  
  29  3:04  SCV  
  30  3:09  Factory Tech Lab  
  30  3:11  Marine  
  30  3:12  Starport  
  31  3:13  SCV  
  32  3:26  SCV x2  
  34  3:27  Command Center  
  34  3:36  Marine  
  34  3:38  SCV x2  
  37  3:46  Factory Tech Lab  
  37  3:54  Marine  
  38  3:56  Barracks  
  38  3:58  Banshee  
  38  3:59  Barracks  
  41  4:03  Cloaking Field  
  41  4:06  Siege Tank  
  44  4:11  Marine  
  44  4:14  SCV  
  44  4:15  SCV  
  47  4:21  Supply Depot  
  47  4:23  Supply Depot  
  47  4:27  Engineering Bay  
  47  4:28  SCV x2, Engineering Bay  
  48  4:40  SCV x2  
  48  4:49  Marine x3  
  48  4:51  Siege Tank  
  50  5:04  Banshee  
  50  5:06  Orbital Command  
  53  5:07  Marine x3  
  53  5:08  SCV x2  
  58  5:20  SCV  
  59  5:25  Marine x2  
  61  5:37  Siege Tank, Marine  
  62  5:43  Marine x2  
  64  5:55  Marine  
  64  5:56  Sensor Tower  
  65  6:00  Marine  
  65  6:01  SCV x2, Marine  
  65  6:02  SCV  
  65  6:03  Barracks  
  70  6:04  Barracks  
  70  6:11  Terran Infantry Weapons Level 1, Refinery  
  70  6:13  SCV  
  70  6:14  SCV x2, Refinery  
  73  6:30  Orbital Command  
  73  6:32  Barracks Reactor x2  
  73  6:35  Barracks Tech Lab  
  73  6:37  SCV x2  
  75  6:49  SCV x2  
  75  6:50  Siege Tank  
  80  6:56  SCV  
  76  7:01  SCV x2  
  76  7:08  SCV  
  77  7:13  SCV x2  
  79  7:22  Marine x2  
  79  7:23  Marine x4  
  85  7:30  Supply Depot x2  
  85  7:31  Supply Depot x2  
  85  7:33  Supply Depot  
  85  7:50  Marine  
  85  7:51  Medivac, Marine x6  
  85  7:54  Sensor Tower  
  87  8:04  Siege Tank  
  77  8:08  Marine  
  77  8:09  Marine x4  
  77  8:11  Combat Shields  
  82  8:13  Barracks Tech Lab  
  82  8:15  Marine  
  83  8:20  SCV x3  
  83  8:21  Medivac  
  83  8:23  Refinery x2  
  83  8:26  Marine  
  89  8:27  Marine  
  89  8:28  Supply Depot  
  89  8:30  Supply Depot x2  
  89  8:31  Supply Depot  
  89  8:32  SCV x3, Supply Depot  
  93  8:36  Siege Tank  
  96  8:47  Factory  
  96  8:51  Medivac  
  98  9:00  Marine x7  
  104  9:12  Sensor Tower  
  95  9:17  Marine x2  
  95  9:18  Marine x5  
  95  9:23  Medivac  
  103  9:35  Marine x3  
  103  9:36  Marine x3  
  103  10:05  Command Center  
  103  10:11  Engineering Bay, Marine  
  103  10:12  Marine x6  
  103  10:13  Factory Tech Lab, Engineering Bay  
  109  10:14  Siege Tank  
  109  10:18  SCV x2  
  114  10:29  Marine  
  114  10:30  SCV x2  
  117  10:39  Command Center, Starport  
  117  10:42  SCV  
  118  10:54  Supply Depot x2  
  118  10:56  Supply Depot  
  118  10:59  Supply Depot  
  118  11:15  Medivac, Siege Tank x2, Marine x7  
  118  11:18  Supply Depot  
  123  11:33  Marine x7  
  104  11:51  Siege Tank, Marine x7  
  59  12:08  Marine x5  
  59  12:09  Marine x2  
  44  12:26  Marine  
Show
View Real Time Build Order
Export as new Build Order

Passer Terran - Winner!

Build Orders: 1/1/1, Bio Tank, MMM Bio 

Get SALT Encoding   

  12  0:01  SCV  
  13  0:13  SCV  
  14  0:20  Supply Depot  
  14  0:25  SCV  
  15  0:33  Refinery  
  15  0:42  SCV  
  16  0:45  Barracks  
  16  0:54  SCV  
  17  1:06  SCV  
  18  1:18  SCV  
  19  1:32  Orbital Command  
  19  1:33  Marine  
  20  1:42  Factory  
  20  1:54  Command Center  
  20  1:58  Marine  
  21  2:02  SCV  
  22  2:17  SCV  
  22  2:19  Supply Depot  
  23  2:29  Factory Tech Lab, Starport  
  23  2:36  Refinery  
  23  2:41  SCV, Marine  
  25  2:53  SCV  
  26  3:05  SCV  
  27  3:06  Orbital Command  
  27  3:07  Marine  
  27  3:09  Medivac  
  30  3:13  Widow Mine  
  30  3:17  SCV  
  33  3:24  Marine  
  33  3:25  Supply Depot  
  34  3:29  SCV  
  34  3:32  Engineering Bay  
  36  3:34  SCV  
  36  3:52  SCV x2  
  36  3:53  Siege Tank  
  41  3:56  Starport Reactor  
  41  4:04  SCV  
  41  4:05  Barracks Tech Lab  
  41  4:08  Barracks  
  42  4:10  Barracks  
  42  4:14  Missile Turret  
  42  4:16  Missile Turret  
  42  4:17  SCV  
  42  4:18  SCV  
  44  4:29  Marine  
  45  4:37  SCV x2  
  47  4:51  SCV x2  
  44  4:57  Siege Tank  
  47  5:00  Marine  
  47  5:01  Stimpack, Missile Turret  
  47  5:02  Barracks Reactor  
  47  5:03  Barracks Reactor, SCV  
  47  5:04  Medivac  
  47  5:05  SCV  
  52  5:08  Supply Depot  
  52  5:16  SCV  
  51  5:26  Marine  
  50  5:39  Marine  
  50  5:40  Marine x3  
  54  5:46  Marine  
  54  5:48  SCV x2  
  57  5:50  Missile Turret  
  57  5:55  Refinery  
  57  5:56  Refinery  
  57  5:57  Marine, Medivac  
  57  5:58  Marine  
  57  6:00  SCV  
  62  6:06  Command Center  
  62  6:30  Supply Depot x2  
  62  6:32  Medivac x2, Marine x3  
  69  6:33  SCV  
  70  6:49  Terran Infantry Weapons Level 1  
  70  6:52  SCV x2, Marauder  
  70  6:53  Engineering Bay  
  70  7:04  SCV  
  64  7:10  Siege Tank  
  64  7:12  Marine x2  
  69  7:21  Marauder, Marine x2  
  72  7:29  Viking  
  74  7:30  Marine x2  
  74  7:33  Orbital Command  
  74  7:35  SCV x2  
  78  7:38  Terran Infantry Armor Level 1  
  78  7:39  Marine  
  78  7:43  Siege Tank, Marauder  
  84  7:51  Marine x2  
  86  8:04  Marauder  
  80  8:06  Combat Shields, Marine x2  
  80  8:10  SCV x2  
  80  8:11  Armory  
  84  8:21  Supply Depot  
  84  8:22  SCV  
  84  8:24  SCV, Siege Tank  
  84  8:26  Marauder  
  91  8:27  Medivac, Orbital Command  
  93  8:43  SCV x2  
  93  8:47  Marauder  
  93  8:48  Marine x3  
  97  8:49  Marine  
  101  8:59  Supply Depot  
  101  9:00  Supply Depot  
  101  9:20  SCV, Medivac x2, Marine x3  
  101  9:21  SCV, Marauder, Siege Tank, Marine  
  114  9:38  Marine x3  
  114  9:43  Marauder  
  114  9:45  Marine  
  114  9:50  Medivac  
  114  9:52  SCV x2  
  117  9:54  Supply Depot  
  117  9:55  Supply Depot  
  117  10:03  Barracks, Marine x3  
  117  10:04  Barracks  
  117  10:06  Barracks  
  117  10:11  Marine x2  
  117  10:14  Command Center, Terran Infantry Weapons Level 2  
  117  10:15  Supply Depot  
  117  10:16  Siege Tank  
  117  10:21  Marine x3  
  123  10:23  Refinery  
  123  10:25  Refinery  
  123  10:26  Supply Depot  
  123  10:29  Marine x2  
  125  10:38  Marine  
  126  10:45  Marine  
  126  10:46  Marine  
  126  10:48  Siege Tank  
  131  10:50  SCV x3  
  131  10:53  Barracks  
  131  10:54  Barracks  
  134  10:59  Marine x2  
  134  11:00  Barracks Reactor x3, Marauder  
  134  11:03  Marine x2  
  140  11:17  Marine x2  
  136  11:20  Siege Tank  
  136  11:21  Marine x2  
  135  11:28  Marine  
  127  11:35  Marine  
  127  11:36  Marine  
  127  11:39  Marauder, Marine  
  131  11:47  Marine  
  125  11:52  Siege Tank, Marine  
  125  11:54  Marine  
  113  12:06  Marine  
  109  12:13  Marine  
  98  12:24  Marine  
  98  12:25  Marine x3  
  92  12:31  Marine  
  83  12:40  Medivac  
  83  12:42  Marine x2  
  83  12:43  Marine  
  87  12:49  Marine  
  79  13:00  Marine x3  
  79  13:07  Marine  
  77  13:20  Command Center  
Tags
 
Add a new tag
Caveats
  • Supply blocks, unpowered buildings, or Contaminate may cause inaccurate times.
  • Supply counts are checked every 10 seconds.